 Dungeon Crawl Stone Soup version 0.28.0-49-g6dfe1f597d (webtiles) character file.

Game seed: 115364594956550510

32 Revguard the Chopper (level 3, -5/27 HPs)
             Began as a Demonspawn Gladiator on May 11, 2022.
             Slain by a gnoll
             ... wielding a +0 halberd
              (7 damage)
             ... on level 2 of the Dungeon.
             The game lasted 00:02:52 (1475 turns).

Revguard the Chopper (Demonspawn Gladiator)         Turns: 1475, Time: 00:02:53

Health: -5/27      AC:  6    Str: 16    XL:     3   Next: 10%
Magic:  4/4        EV: 11    Int:  9    God:
Gold:   95         SH:  0    Dex: 14    Spells: 2/2 levels left

rFire   . . .      SeeInvis .   a - +0 war axe
rCold   . . .      Faith    .   (no shield)
rNeg    . . .      Spirit   .   f - +0 ring mail
rPois   +          Reflect  .   c - +0 helmet
rElec   .          Harm     .   (no cloak)
rCorr   .          Rampage  .   (no gloves)
Will    .....                   (no boots)
Stlth   +.........              (no amulet)
HPRegen 0.09/turn               i - ring of poison resistance
MPRegen 0.09/turn               (no ring)

@: brilliant
A: foul stench 1
a: no special abilities


You were on level 2 of the Dungeon.
You visited 1 branch of the dungeon, and saw 2 of its levels.

You collected 95 gold pieces.

Inventory:

Hand Weapons
 a - a +0 war axe (weapon)
Missiles
 d - 3 throwing nets (quivered)
Armour
 b - a +0 leather armour
 c - a +0 helmet (worn)
 f - a +0 ring mail (worn)
Jewellery
 i - a ring of poison resistance (left hand)
 k - a +6 ring of strength
Scrolls
 g - 2 scrolls of identify {unknown}
Potions
 h - 2 potions of berserk rage {unknown}
 j - 2 potions of mutation {unknown}


   Skills:
 + Level 2.1 Fighting
 * Level 3.0 Axes
 - Level 1.7 Throwing
 * Level 1.0 Armour
 + Level 2.9 Dodging
 + Level 1.3 Invocations
 + Level 0.5 Evocations


You had 2 spell levels left.
You didn't know any spells.
Your spell library was empty.

Dungeon Overview and Level Annotations

Branches:
Dungeon (2/15)

Altars:
Gozag


Innate Abilities, Weirdness & Mutations

You may rarely emit foul miasma when damaged in melee.


Message History

Your experience leads to an increase in your attributes!
Increase (S)trength, (I)ntelligence, or (D)exterity?
You feel stronger. x2
You closely miss the jackal. You hit the jackal.
You kill the jackal!
You slash the endoplasm!
You kill the endoplasm!
The jackal bites you but does no damage.
The jackal misses you.
You closely miss the jackal. The jackal misses you.
The jackal barely misses you.
You slash the jackal!
You kill the jackal!
Magic restored.
You now have 89 gold pieces (gained 13).
You now have 95 gold pieces (gained 6).
Found a stone staircase leading up.
g - 2 scrolls labelled ZYASACLECOMP (gained 1)
You open the door.
A gnoll comes into view. It is wielding a +0 halberd.
The gnoll hits you from afar with a +0 halberd.
There is an open door here.
The gnoll hits you with a +0 halberd!
You hit the gnoll.
The gnoll is lightly wounded.
The gnoll hits you with a +0 halberd.
You slash the gnoll!
The gnoll is heavily wounded.
The gnoll completely misses you. The gnoll hits you with a +0 halberd.
You hit the gnoll but do no damage.
The gnoll is heavily wounded.
The gnoll hits you with a +0 halberd.
* * * LOW HITPOINT WARNING * * *
It was a potion of brilliance.
You feel clever all of a sudden. The gnoll hits you with a +0 halberd.
* * * LOW HITPOINT WARNING * * *
Gozag petitions for your drink to fail. The gnoll hits you with a +0 halberd!
You die...

$ ## #.# #..# ##...+
##....# ##.....# ..
##...g.# ..# . #...@.#
... ..
###+#######'#####.### ...
.....................
.... #. #.#...###.....###
.....#.##.#..####..##....
#...................#####
#............####........
#...####..#.........#####
#........................


You could see a gnoll.

Vanquished Creatures
  An adder (D:2)
  4 endoplasms
  A giant cockroach (D:1)
  5 goblins (D:1)
  2 hobgoblins
  2 jackals (D:2)
  A quokka (D:1)
  A ball python (D:1)
  2 bats (D:2)
  A frilled lizard (D:1)
  A rat (D:1)
21 creatures vanquished.

Vanquished Creatures (others)
  2 demonic plants (D:2)
2 creatures vanquished.

Grand Total: 23 creatures vanquished

Notes
Turn   | Place    | Note
-------+----------+-------------------------------------------
     0 | D:1      | Revguard the Demonspawn Gladiator began the quest for the
                  | Orb.
     0 | D:1      | Reached XP level 1. HP: 16/16 MP: 1/1
   195 | D:1      | Gained mutation: You may rarely emit foul miasma when
                  | damaged in melee. [demonic ancestry]
   195 | D:1      | Reached XP level 2. HP: 9/22 MP: 2/2
  1027 | D:2      | Reached skill level 3 in Axes
  1027 | D:2      | Reached skill level 1 in Armour
  1027 | D:2      | Reached skill level 1 in Invocations
  1294 | D:2      | Found a faded altar of an unknown god.
  1294 | D:2      | Noticed a hellwing
  1303 | D:2      | Prayed at the altar of an unknown god.
  1303 | D:2      | Became a worshipper of Gozag Ym Sagoz the Greedy
  1304 | D:2      | Fell from the grace of Gozag
  1404 | D:2      | Reached XP level 3. HP: 23/27 MP: 3/3
  1475 | D:2      | Slain by a gnoll

Illustrated notes

Levels and vault maps discovered:
D:1:      minmay_arrival_radiant_lines, layout_loops_ring, minivault_14
D:2:      layout_basic, dreamdust_ecumenical_altar_sealed_demon,
          minmay_quadrilaterals, uniq_crazy_yiuf_cottage

Skill      XL: |  1  2 |
---------------+-------+-----
Axes           | 3 |  3.0
Armour         | 1 |  1.0
Invocations    | 1 |  1.3
Fighting       | |  2.1
Throwing       | |  1.7
Dodging        | |  2.9
Evocations     | |  0.5

Action                   || total
-------------------------++-------
Melee: War axe           ||    59
Invok: Renounce Religion ||     1
  Use: Potion            ||     1
Armor: Leather armour    ||     6
       Ring mail         ||    28
Dodge: Dodged            ||    53
